 Dungeon Crawl Stone Soup version 0.21-a0-193-g085b6a0 (webtiles) character file.

42 tof the Ruffian (level 3, -3/30 HPs)
             Began as a Ghoul Gladiator on Aug 14, 2017.
             Slain by an orc
             ... wielding a +0 flail
              (5 damage)
             ... on level 2 of the Dungeon.
             The game lasted 00:03:17 (952 turns).

tof the Ruffian (Ghoul Gladiator)                    Turns: 952, Time: 00:03:18

Health: -3/30      AC:  4    Str: 17    XL:     3   Next: 56%
Magic:  2/2        EV: 12    Int:  4    God:
Gold:   129        SH:  0    Dex: 10    Spells: 2/2 levels left

rFire    . . .     SeeInvis .     - Unarmed
rCold    + . .     Gourm    .   (no shield)
rNeg     + + +     Faith    .   a - +0 leather armour
rPois    ∞         Spirit   .   b - +0 helmet
rElec    .         Reflect  .   (no cloak)
rCorr    .         Harm     .   (no gloves)
MR       .....                  (no boots)
Stlth    +.........             (no amulet)
HPRegen  0.00/turn              (no ring)
MPRegen  0.08/turn              (no ring)

@: rotting
A: rotting body, claws 1, carnivore 3, cold resistance 1, negative energy
resistance 3, inhibited regeneration, torment resistance, unbreathing
a: no special abilities


You were on level 2 of the Dungeon.
You were not hungry.

You visited 1 branch of the dungeon, and saw 2 of its levels.

You collected 129 gold pieces.

Inventory:

Hand Weapons
 g - a cursed -2 dagger
Missiles
 c - 3 throwing nets (quivered)
Armour
 a - a +0 leather armour (worn)
 b - a +0 helmet (worn)
Scrolls
 e - a scroll of amnesia {unknown}
 f - a scroll of identify {unknown}
 i - 2 scrolls of enchant armour {unknown}
 j - 3 scrolls of fog {unknown}
 k - a scroll of teleportation {unknown}
Potions
 h - 3 potions of curing {unknown}
 m - a potion of flight {unknown}
Comestibles
 d - a meat ration


   Skills:
 + Level 2.6 Fighting
 + Level 2.0 Throwing
 + Level 1.0 Armour
 + Level 3.0 Dodging
 * Level 3.8 Unarmed Combat


You had 2 spell levels left.
You didn't know any spells.

Dungeon Overview and Level Annotations

Branches:
Dungeon (2/15)

Altars:
Ashenzari


Innate Abilities, Weirdness & Mutations

Your body is rotting away.
You thrive on raw meat.
You are immune to poison.
You have sharp fingernails.
You are carnivorous and can eat meat at any time.
Your flesh is cold resistant. (rC+)
You are immune to negative energy. (rN+++)
You do not regenerate when monsters are visible.
You are immune to unholy pain and torment.
You can survive without breathing.


Message History

The orc hits you with a hand axe.
You scratch the orc.
You kill the orc!
The orc hits you but does no damage. The orc hits you but does no damage.
You scratch the orc.
The orc is lightly wounded.
The orc barely misses you. x2
You scratch the orc.
The orc is severely wounded.
The orc hits you with a mace!
* * * LOW HITPOINT WARNING * * *
The orc hits you with a flail.
* * * LOW HITPOINT WARNING * * *
You scratch the orc but do no damage.
The orc is severely wounded.
The orc hits you with a mace.
* * * LOW HITPOINT WARNING * * *
The orc hits you with a flail.
You die... #oo

##....<........#
#.oo
#.##.##...###.#
#.... #.........#
#.#.. #.#####...#
#. #.### ##.##
#...# #.. #.#.#
#..# #.#.####..#
#o@.......#
.......o#.####.##
....#####.# #.
#.. ####


You could see 2 orcs.

Vanquished Creatures
  A worm (D:2)
  2 dart slugs (D:1)
  A leopard gecko (D:1)
  An orc (D:2)
  A ball python (D:1)
  7 bats (D:1)
  5 goblins (D:1)
  A hobgoblin (D:1)
  7 jackals (D:1)
  A frilled lizard (D:1)
  2 kobolds (D:1)
  A rat (D:2)
30 creatures vanquished.

Notes
Turn   | Place    | Note
-------+----------+-------------------------------------------
     0 | D:1      | tof the Ghoul Gladiator began the quest for the Orb.
     0 | D:1      | Reached XP level 1. HP: 17/17 MP: 0/0
    42 | D:1      | Reached XP level 2. HP: 23/24 MP: 1/1
   369 | D:1      | Reached skill level 1 in Armour
   369 | D:1      | Reached XP level 3. HP: 30/30 MP: 2/2
   902 | D:2      | Found a shattered altar of Ashenzari.
   952 | D:2      | Slain by an orc

Vault maps used:
D:1:      dpeg_arrival_pits
D:2:      cheibrodos_pilgrimage, overflow_temple_1_default, first_bread,
          feat_on_display

Skill      XL: |  1  2  3 |
---------------+----------+-----
Throwing       | 2 |  2.0
Armour         | 1 |  1.0
Dodging        | 3 |  3.0
Fighting       | |  2.6
Unarmed Combat | |  3.8

Action                   || total
-------------------------++-------
Melee: Unarmed           ||    85
  Eat: Chunk             ||    16
Armor: Leather armour    ||    36
Dodge: Dodged            ||    57
